 Dungeon Crawl Stone Soup version 0.22-a0-32-ga749362bc3 (webtiles) character file.

52574 NixNut the Grappler (level 14, -7/150 HPs)
             Began as a Troll Monk on Jan 3, 2018.
             Was an Elder of Jiyva.
             Mangled by a nine-headed hydra (11 damage)
             ... on level 13 of the Dungeon.
             The game lasted 01:36:26 (17347 turns).

NixNut the Grappler (Troll Monk)                   Turns: 17347, Time: 01:36:27

Health: -7/150     AC: 12    Str: 23    XL:     14   Next: 27%
Magic:  17/17      EV: 15    Int:  6    God:    Jiyva [****..]
Gold:   817        SH:  0    Dex: 15    Spells: 13/13 levels left

rFire    . . .     SeeInvis .     - Unarmed
rCold    + . .     Gourm    +   (no shield)
rNeg     . . .     Faith    .   N - +4 troll leather armour
rPois    +         Spirit   .   (helmet restricted)
rElec    .         Reflect  .   I - +1 cloak
rCorr    +         Harm     .   (gloves unavailable)
MR       +....                  (boots unavailable)
Stlth    ++........             p - amulet of regeneration
HPRegen  1.55/turn              y - ring of protection from cold
MPRegen  0.15/turn              M - ring of poison resistance

@: no status effects
A: large, unfitting armour, claws 3, deformed body, fast metabolism 3, gourmand,
regeneration 1, shaggy fur 1, tough skin 2, tendrils
a: Request Jelly, Slimify, Renounce Religion


You were on level 13 of the Dungeon.
You worshipped Jiyva.
Jiyva was greatly pleased with you.
You were very full.

You visited 3 branches of the dungeon, and saw 20 of its levels.
You also visited: Sewer and Ice Cave.

You collected 1265 gold pieces.
You spent 448 gold pieces at shops.

Inventory:

Hand Weapons
 i - a +1 blowgun
 q - the +8 whip "Snakebite" {curare, rPois}
   (You found it on level 3 of the Lair of Beasts)

   It poisons the flesh of those it strikes.
   It protects you from poison.
 z - the +7 quarterstaff of Doom {crush, MR+ Int+3}
   (You found it on level 5 of the Dungeon)

   It inflicts extra damage upon your enemies.
   It affects your intelligence (+3).
   It affects your resistance to hostile enchantments.
 J - the +4 rapier of the Shallot {freeze, Int+3}
   (You found it on level 11 of the Dungeon)

   It has been specially enchanted to freeze those struck by it, causing extra
   injury to most foes and up to half again as much damage against particularly
   susceptible opponents.
   It can also slow down cold-blooded creatures.
   It affects your intelligence (+3).
Missiles
 j - 35 poisoned needles
Armour
 I - a +1 cloak (worn)
 N - a +4 troll leather armour (worn)
Jewellery
 h - an uncursed amulet of guardian spirit
 p - an amulet of regeneration (around neck)
 y - a ring of protection from cold (left claw)
 D - an uncursed ring of protection from cold
 M - a ring of poison resistance (right claw)
 Q - an uncursed ring of protection from magic {unknown}
Wands
 a - a wand of flame (7)
 f - a wand of acid (38)
 l - a wand of random effects (39)
 s - a wand of disintegration (9)
 w - a wand of scattershot (3)
 A - a wand of digging (27)
 H - a wand of enslavement (21)
 K - a wand of paralysis (5)
 R - a wand of polymorph (13)
Scrolls
 m - 6 scrolls of enchant weapon
 n - 7 scrolls of remove curse
 r - 2 scrolls of silence {unknown}
 t - 3 scrolls of immolation
 u - 2 scrolls of teleportation
 B - 3 scrolls of magic mapping
 C - a scroll of noise
 E - a scroll of blinking {unknown}
 G - a scroll of identify
 L - a scroll of summoning {unknown}
 O - a scroll of amnesia
 P - a scroll of random uselessness {unknown}
 V - a scroll of vulnerability {unknown}
Potions
 c - a potion of resistance
 d - 2 potions of haste {unknown}
 e - 5 potions of flight
 k - 2 potions of degeneration {unknown}
 v - 3 potions of magic
 S - a potion of lignification {unknown}
 U - a potion of cancellation {unknown}
Books
 o - a book of Cantrips

   Spells                             Type                      Level
   a - Confusing Touch                Hexes                        1
   b - Animate Skeleton               Necromancy                   1
   c - Summon Small Mammal            Summoning                    1
   d - Apportation                    Translocation                1
Comestibles
 b - 38 rations


   Skills:
 * Level 12.4 Fighting
 - Level 0.2 Maces & Flails
 - Level 0.1 Throwing
 - Level 5.8 Armour
 + Level 9.5 Dodging
 - Level 1.0 Stealth
 + Level 14.5 Unarmed Combat
   Level 6.4 Invocations


You had 13 spell levels left.
You didn't know any spells.

Dungeon Overview and Level Annotations

Branches:
Dungeon (13/15)            Temple (1/1) D:4            Lair (6/6) D:9
 Shoals (0/4) Lair:3        Snake (0/4) Lair:4        Slime (0/5) Lair:6
    Orc (0/2) D:9
 Vaults: D:13-14

Altars:
Ashenzari
Cheibriados
Dithmenos
Elyvilon
Fedhas
Gozag
Hepliaklqana
Kikubaaqudgha
Makhleb
Nemelex Xobeh
Okawaru
Qazlal
Ru
Sif Muna
Trog
Uskayaw
Vehumet
Wu Jian
Xom
Yredelemnul
Zin
The Shining One
Jiyva

Shops:
D:8 *   D:10 =

Annotations:
D:9 4 exclusions


Innate Abilities, Weirdness & Mutations

You are too large for most types of armour.
You have claws for hands.
Your metabolism is lightning-fast.
You like to eat raw meat.
Your natural rate of healing is unusually fast.
You are covered in fur. (AC +1)
You have very tough skin. (AC +2)
Armour fits poorly on your strangely shaped body.
You are covered in slimy tendrils that may disarm your opponents.


Message History

The nine-headed hydra bites you!
* * * LOW HITPOINT WARNING * * *
The nine-headed hydra bites you.
* * * LOW HITPOINT WARNING * * *
The nine-headed hydra completely misses you.
The nine-headed hydra bites you but does no damage.
Okay, then.
As you read the scroll of fear, it crumbles to dust.
You assume a fearsome visage.
The nine-headed hydra resists with some effort.
The nine-headed hydra completely misses you.
The nine-headed hydra bites you!
* * * LOW HITPOINT WARNING * * *
The nine-headed hydra misses you.
The nine-headed hydra bites you but does no damage.
The nine-headed hydra bites you!
* * * LOW HITPOINT WARNING * * *
The nine-headed hydra closely misses you.
The nine-headed hydra bites you!
You die...

##.####### ##.#
#. ...# .#.# #
#### ... .# #
#... .# # #..#
..#### #
#..####...... #
### #.........# #
##.###....@D...#
#
##.#.###.)###.###
######.###.##..#
# ......##
##!#..#
######.###.##..#
# ####.#.###..#
####...........#
.......#.####.##
.....#.#......#


You could see a nine-headed hydra.

Vanquished Creatures
  Kirke (D:12)
  Josephine (D:13)
  Harold (Lair:1)
  A death knight (D:11)
  2 two-headed ogres (D:9)
  The ghost of myrmidette the Zephyrmancer, a novice TeAE of Vehumet (D:7)
  A phantasmal warrior (D:11)
  A cyclops (D:9)
  2 wolf spiders (Lair:1)
  6 elephants (Lair:5)
  4 black mambas
  Maurice (D:9)
  A gargoyle (D:13)
  24 spiny frogs
  10 komodo dragons
  A rime drake (Lair:4)
  A queen bee (Lair:2)
  A harpy zombie (D:13)
  2 trolls
  2 hornets
  4 polar bears
  8 hippogriffs
  A harpy skeleton (D:13)
  A slime creature (D:9)
  11 dream sheep
  A snapping turtle (Lair:3)
  26 blink frogs
  39 yaks
  A spriggan (D:9)
  5 wraiths
  5 wyverns
  Grum (D:9)
  2 hogs (D:12)
  3 hungry ghosts
  A steam dragon (D:9)
  3 basilisks
  6 vampire mosquitoes
  2 insubstantial wisps (D:9)
  6 porcupines
  15 water moccasins
  3 ice beasts
  2 black bears
  7 phantoms
  5 sky beasts
  6 orc warriors
  6 ogres
  23 wolves
  6 centaurs
  6 crocodiles
  25 bullfrogs
  A gnoll sergeant (D:9)
  A scorpion (D:9)
  21 killer bees
  8 wights
  A howler monkey (D:8)
  2 electric eels
  4 crimson imps
  5 jellies
  A quasit (D:8)
  A centaur zombie (D:8)
  8 hounds
  A centaur skeleton (D:10)
  4 orc priests
  An iguana (D:4)
  3 bullfrog skeletons
  Jessica (D:3)
  15 orc wizards
  12 worker ants
  2 hound zombies
  A worker ant zombie (D:9)
  6 gnolls
  26 adders
  A howler monkey skeleton (D:4)
  3 shadow imps
  An ooze (Lair:6)
  3 adder skeletons
  2 adder zombies
  2 worms
  2 dart slugs (D:2)
  2 leopard geckos
  36 orcs
  4 ball pythons
  A bat (D:1)
  A bat zombie (D:5)
  8 giant cockroaches
  9 goblins
  9 hobgoblins
  13 jackals
  7 quokkas
  10 frilled lizards
  2 jackal skeletons
  8 kobolds
  A leopard gecko zombie (D:9)
  A quokka skeleton (D:7)
  6 rats
  3 rat zombies (D:5)
  A fungus (Lair:3)
  A plant (Lair:6)
556 creatures vanquished.

Vanquished Creatures (others)
  An unseen horror (D:13)
  A yak (IceCv)
  2 hogs (D:12)
  A hungry ghost (D:11)
  2 sky beasts
  A wolf (IceCv)
  17 jellies
  2 hounds (D:11)
  An orc priest (D:11)
  An orc wizard (D:11)
  5 orcs
  A quokka (D:11)
  4 bushes
  26 fungi
  61 plants
126 creatures vanquished.

Grand Total: 682 creatures vanquished

Notes
Turn   | Place    | Note
-------+----------+-------------------------------------------
     0 | D:1      | NixNut the Troll Monk began the quest for the Orb.
     0 | D:1      | Reached XP level 1. HP: 22/22 MP: 0/0
   146 | D:1      | Reached XP level 2. HP: 29/29 MP: 1/1
   482 | D:2      | Reached XP level 3. HP: 31/36 MP: 2/2
   518 | D:2      | Reached skill level 4 in Unarmed Combat
   771 | D:2      | Found a faded altar of an unknown god.
  1319 | D:2      | Reached XP level 4. HP: 27/45 MP: 1/3
  1593 | D:3      | Noticed Jessica
  1640 | D:3      | Killed Jessica
  1640 | D:3      | Reached skill level 5 in Unarmed Combat
  1640 | D:3      | Reached XP level 5. HP: 53/53 MP: 4/4
  2033 | D:4      | Noticed an ogre
  2039 | D:4      | Killed an ogre
  2039 | D:4      | Reached skill level 6 in Unarmed Combat
  2039 | D:4      | Reached XP level 6. HP: 62/62 MP: 3/5
  2075 | D:4      | Found a staircase to the Ecumenical Temple.
  2085 | Temple   | Entered the Ecumenical Temple
  2283 | D:4      | Found a shadowy altar of Dithmenos.
  2284 | D:4      | Found a hazy altar of Hepliaklqana.
  2284 | D:4      | Found a shimmering altar of Xom.
  2285 | D:4      | Found a deep blue altar of Sif Muna.
  2396 | D:4      | Became a worshipper of Dithmenos the Shadowed
  2396 | D:4      | Reached * piety under Dithmenos
  2396 | D:4      | Reached ** piety under Dithmenos
  2565 | D:4      | Reached XP level 7. HP: 69/71 MP: 6/6
  2825 | D:4      | Reached skill level 7 in Unarmed Combat
  2839 | D:4      | Found a burning altar of Makhleb.
  2840 | D:4      | Found a radiant altar of Vehumet.
  2935 | D:4      | Reached skill level 5 in Fighting
  3002 | D:5      | Entered Level 5 of the Dungeon
  3134 | D:5      | Found a glowing drain.
  3176 | Sewer    | Entered a sewer
  3376 | Sewer    | Reached *** piety under Dithmenos
  3889 | D:5      | Reached XP level 8. HP: 79/81 MP: 5/7
  4269 | D:5      | Reached skill level 8 in Unarmed Combat
  4346 | D:5      | Found an ancient bone altar of Kikubaaqudgha.
  4396 | D:5      | Found a shattered altar of Ashenzari.
  4752 | D:5      | Got a smoking quarterstaff
  4753 | D:5      | Identified the +7 quarterstaff of Doom {crush, MR+ Int+3} (You found it on level 5 of the Dungeon)
  5090 | D:6      | Reached skill level 9 in Unarmed Combat
  5126 | D:6      | Reached **** piety under Dithmenos
  5333 | D:7      | Reached XP level 9. HP: 93/93 MP: 8/8
  5379 | D:7      | Noticed myrmidette's ghost (novice TeAE)
  5442 | D:7      | Killed myrmidette's ghost
  5468 | D:7      | Reached skill level 10 in Unarmed Combat
  5939 | D:7      | Found a sacrificial altar of Ru.
  6346 | D:8      | Found a snail-covered altar of Cheibriados.
  6520 | D:8      | Found Tuovon's Assorted Antiques.
  6528 | D:8      | Bought a wand of acid (11) for 208 gold pieces
  6568 | D:8      | Reached XP level 10. HP: 105/106 MP: 7/9
  6704 | D:8      | Found a glowing golden altar of the Shining One.
  6813 | D:9      | Reached skill level 1 in Invocations
  6885 | D:9      | Reached ***** piety under Dithmenos
  6885 | D:9      | Reached skill level 11 in Unarmed Combat
  6975 | D:9      | Noticed a two-headed ogre
  6990 | D:9      | Killed a two-headed ogre
  7019 | D:9      | Noticed Grum
  7027 | D:9      | Killed Grum
  7105 | D:9      | Noticed a two-headed ogre
  7262 | D:9      | Killed a two-headed ogre
  7340 | D:9      | Found a staircase to the Orcish Mines.
  7413 | D:9      | Noticed a cyclops
  7562 | D:9      | Found a staircase to the Lair.
  7628 | D:9      | Noticed Maurice
  7639 | D:9      | Paralysed by something for 2 turns
  7644 | D:9      | Paralysed by something for 4 turns
  7654 | D:9      | Killed Maurice
  7698 | D:10     | Entered Level 10 of the Dungeon
  7705 | D:10     | Reached XP level 11. HP: 115/115 MP: 11/13
  7820 | D:10     | Found Kuphipt's Jewellery Shoppe.
  7828 | D:10     | Bought an uncursed ring of poison resistance for 240 gold pieces
  8701 | Lair:1   | Entered Level 1 of the Lair of Beasts
  8707 | Lair:1   | Noticed Harold
  8718 | Lair:1   | Killed Harold
  8718 | Lair:1   | Reached skill level 5 in Dodging
  8896 | Lair:1   | Reached skill level 12 in Unarmed Combat
  8944 | Lair:1   | Reached skill level 5 in Invocations
  9075 | Lair:1   | Noticed a wolf spider
  9112 | Lair:1   | Killed a wolf spider
  9112 | Lair:1   | Reached skill level 1 in Armour
  9115 | Lair:1   | Reached skill level 10 in Fighting
  9487 | Lair:1   | Noticed a wolf spider
  9497 | Lair:1   | Killed a wolf spider
  9932 | Lair:2   | Reached XP level 12. HP: 112/126 MP: 12/14
 10850 | Lair:3   | Found a staircase to the Shoals.
 11153 | Lair:3   | Reached skill level 13 in Unarmed Combat
 11192 | Lair:3   | Found the +8 whip "Snakebite" {curare, rPois}
 11456 | Lair:4   | Found a frozen archway.
 11465 | IceCv    | Entered an ice cave
 11634 | Lair:4   | Reached ****** piety under Dithmenos
 11895 | Lair:4   | Found a staircase to the Snake Pit.
 11919 | Lair:4   | Reached skill level 5 in Armour
 12273 | Lair:4   | Reached XP level 13. HP: 131/137 MP: 13/15
 12809 | Lair:5   | Found a basalt altar of Yredelemnul.
 13070 | Lair:6   | Entered Level 6 of the Lair of Beasts
 13805 | Lair:6   | Reached skill level 14 in Unarmed Combat
 13833 | Lair:6   | Found a runed door.
 13833 | Lair:6   | Found a viscous altar of Jiyva.
 13838 | Lair:6   | Found a staircase to the Slime Pits.
 14011 | Lair:6   | HP: 4/139 [eight-headed hydra (8)]
 14398 | Lair:6   | Fell from the grace of Dithmenos
 14398 | Lair:6   | Became a worshipper of Jiyva Jyirizyu the Shapeless
 14498 | Lair:6   | Reached * piety under Jiyva
 14503 | Lair:6   | Noticed a fire dragon
 15004 | D:9      | Reached XP level 14. HP: 147/149 MP: 15/17
 15211 | D:9      | Reached ** piety under Jiyva
 15615 | D:11     | Reached *** piety under Jiyva
 15684 | D:11     | Got a shimmering rapier
 15685 | D:11     | Identified the +4 rapier of the Shallot {freeze, Int+3} (You found it on level 11 of the Dungeon)
 15715 | D:11     | Gained mutation: You are covered in slimy tendrils that may disarm your opponents. [Jiyva's grace]
 15745 | D:11     | Reached **** piety under Jiyva
 16542 | D:12     | Gained mutation: Armour fits poorly on your strangely shaped body. [Jiyva's grace]
 16575 | D:12     | Noticed Kirke
 16585 | D:12     | Noticed a sphinx
 16587 | D:12     | Killed Kirke
 17246 | D:13     | Noticed Josephine
 17252 | D:13     | Killed Josephine
 17347 | D:13     | HP: 4/150 [nine-headed hydra (15)]
 17347 | D:13     | Mangled by a nine-headed hydra

Vault maps used:
D:1:      giann_bridges
D:2:      chequers_ecumenical_altar_simple_redux, hangedman_decor_lopped
D:3:      uniq_jessica
D:4:      grunt_temple_overflow_lords_of_destruction,
          chequers_temple_overflow_statue_of_worship,
          minmay_temple_entry_butterflies, first_ration, st_stairs_3,
          minmay_misc_feat_rugged
D:5:      cheibrodos_iron_armory, old_standard_altar,
          lemuel_zombie_altar_kikubaaqudgha, gup_sewer_entry_glass
D:6:      minmay_goblin_kobold_castle
D:7:      nicolae_overflow_hidden_temple
D:8:      tso_metal_star, cheibriados_altar_1, serial_shops, shop
D:9:      hangedman_cross_cluster, the_bakery, hangedman_misty_isle, uniq_grum,
          uniq_maurice
D:10:     serial_shops, shop, small_statue_alley_b
D:11:     minivault_14
D:12:     uniq_kirke
D:13:     serial_shops, shop, uniq_josephine
Temple:   jpeg_temple_clearing
Lair:1:   minmay_lair_venomous_thicket, uniq_harold
Lair:2:   special_room, serial_bayou_lagoon_b
Lair:3:   minmay_guarded_unrand_snakebite, minmay_shoals_entry_hut,
          serial_forest, infiniplex_forest_lined_3,
          infiniplex_forest_clump_tiny, infiniplex_forest_corner_1,
          infiniplex_forest_clump_long, infiniplex_forest_clump_double,
          infiniplex_forest_clump_double, infiniplex_forest_fountain,
          infiniplex_forest_clump_tiny, infiniplex_forest_clump_small,
          beast_lair_carwin_1
Lair:4:   dummy_snake_entry, portal_ice_cave_entry_pillars_1,
          serial_bayou_shore_a, lemuel_fruit_fields, infiniplex_staircase_pool
Lair:5:   basic_altar, grunt_megastairs_2
Lair:6:   minmay_lair_end_frog_pond, slime_altar_2
Sewer:    sewer_co_scattered_pipes
IceCv:    ice_cave_caverns_02

Skill      XL: |  1  2  3  4  5  6  7  8  9 10 11 12 13 |
---------------+----------------------------------------+-----
Unarmed Combat | 4 5 6 7 9 10 11 12 13 14 | 14.5
Fighting       | 3 4 5 7 8 9 10 11 12 | 12.4
Invocations    | 4 5 6 |  6.4
Dodging        | 4 6 7 9 |  9.5
Armour         | 2 5 |  5.8
Maces & Flails | |  0.2
Throwing       | |  0.1
Stealth        | |  1.0

Action                   |  1- 3 |  4- 6 |  7- 9 | 10-12 | 13-15 || total
-------------------------+-------+-------+-------+-------+-------++-------
Melee: Unarmed           |    79 |   118 |   373 |   698 |   609 ||  1877
       Punch             |       |     4 |    17 |    40 |    54 ||   115
       Whip              |       |       |       |       |    24 ||    24
Invok: Shadow Step       |       |       |       |     2 |       ||     2
Evoke: Wand              |       |       |       |     6 |       ||     6
  Use: Potion            |       |     1 |     7 |     8 |     7 ||    23
       Scroll            |       |       |    12 |     5 |    15 ||    32
 Stab: Sleeping          |     3 |       |     9 |    10 |     3 ||    25
       Paralysed         |       |       |       |     2 |       ||     2
  Eat: Chunk             |    16 |    13 |    38 |    70 |    35 ||   172
Armor: Robe              |    26 |    24 |    80 |    28 |       ||   158
       Troll leather arm |       |       |       |   188 |   217 ||   405
Dodge: Dodged            |    34 |    58 |   195 |   462 |   585 ||  1334

Table legend:
 A = Spawn XP
 B = Non-spawn XP
 C = Spawn XP percentage of total XP
 D = Spawn monster count
 E = Non-spawn monster count
 F = Spawn count percentage of total count
 G = Total turns spent on level
                    A         B        C        D         E        F      G
               +---------+---------+-------+---------+---------+-------+---------
         Total |       0 |   75107 |   0.0 |       0 |     555 |   0.0 | 17347
               +---------+---------+-------+---------+---------+-------+---------
           D:1 |       0 |      25 |   0.0 |       0 |      15 |   0.0 |   459
           D:2 |       0 |      71 |   0.0 |       0 |      17 |   0.0 |  1002
           D:3 |       0 |     223 |   0.0 |       0 |      26 |   0.0 |   550
           D:4 |       0 |     752 |   0.0 |       0 |      23 |   0.0 |   822
           D:5 |       0 |     666 |   0.0 |       0 |      34 |   0.0 |  1100
           D:6 |       0 |    1003 |   0.0 |       0 |      25 |   0.0 |   548
           D:7 |       0 |    1818 |   0.0 |       0 |      29 |   0.0 |   766
           D:8 |       0 |    1114 |   0.0 |       0 |      22 |   0.0 |   675
           D:9 |       0 |    7976 |   0.0 |       0 |      52 |   0.0 |  1635
          D:10 |       0 |    2166 |   0.0 |       0 |      26 |   0.0 |  1008
          D:11 |       0 |    2563 |   0.0 |       0 |      14 |   0.0 |   765
          D:12 |       0 |    3673 |   0.0 |       0 |      10 |   0.0 |   916
          D:13 |       0 |    2939 |   0.0 |       0 |       9 |   0.0 |   172
        Lair:1 |       0 |    6029 |   0.0 |       0 |      30 |   0.0 |   902
        Lair:2 |       0 |    3020 |   0.0 |       0 |      26 |   0.0 |   498
        Lair:3 |       0 |    8903 |   0.0 |       0 |      48 |   0.0 |  1334
        Lair:4 |       0 |    6628 |   0.0 |       0 |      31 |   0.0 |   913
        Lair:5 |       0 |   17098 |   0.0 |       0 |      68 |   0.0 |  1746
        Lair:6 |       0 |    7930 |   0.0 |       0 |      29 |   0.0 |   580
         Sewer |       0 |      51 |   0.0 |       0 |      17 |   0.0 |   667
         IceCv |       0 |     459 |   0.0 |       0 |       4 |   0.0 |   120
               +---------+---------+-------+---------+---------+-------+---------
